TOP OF THE 1ST |
---|
Vista Panthers batting - Pitching for Jersey Shore D-Bags : RHP Bob Moss | Pitching: RHP Bob Moss | | Batting: LHB Francisco Medina | 0-0: Ball 1-0: Foul Ball, location: 2F 1-1: Ball 2-1: Ball 3-1: Fly out, F9 (Flyball, 9S) | Batting: RHB Stephen Wilson | 0-0: Ball 1-0: Foul Ball, location: 2F 1-1: Ball 2-1: Swinging Strike 2-2: Fly out, F8 (Line Drive, 89M) | Batting: LHB Dante Owens | 0-0: Ball 1-0: Foul Ball, location: 2F 1-1: Called Strike 1-2: Ball 2-2: Ground out 6-3 (Groundball, 6) | Top of the 1st over - 0 runs, 0 hits, 0 errors, 0 left on base; Vista 0 - Jersey Shore 0 | BOTTOM OF THE 1ST |
---|
Jersey Shore D-Bags batting - Pitching for Vista Panthers : RHP Mabuchi Yoshida | Pitching: RHP Mabuchi Yoshida | | Batting: RHB Mike Ingram | 0-0: Ground out U3 (Groundball, 34) | Batting: RHB Ricardo González | 0-0: Called Strike 0-1: SINGLE (Flyball, 3D) | Batting: LHB Dave Dodd | 0-0: Ball 1-0: Foul Ball, location: 2F 1-1: Ball 2-1: Called Strike 2-2: Grounds into double play, 5-4-3 (Groundball, 56) | Bottom of the 1st over - 0 runs, 1 hit, 0 errors, 0 left on base; Vista 0 - Jersey Shore 0 | TOP OF THE 2ND |
---|
Vista Panthers batting - Pitching for Jersey Shore D-Bags : RHP Bob Moss | Batting: SHB Juan Castro | 0-0: Swinging Strike 0-1: Swinging Strike 0-2: Strikes out swinging | Batting: LHB Bob Cunningham | 0-0: Ball 1-0: Ball 2-0: Ball 3-0: Base on Balls | Batting: RHB Phil Matthews | 0-0: Ball 1-0: Fielders Choice at 2nd, 1-4 (Groundball, 15S) | Batting: RHB Cisco Gatán | 0-0: Foul Ball, location: 2F 0-1: Foul Ball, location: 2F 0-2: Ball 1-2: Foul Ball, location: 2F 1-2: Fly out, F8 (Flyball, 8LM) | Top of the 2nd over - 0 runs, 0 hits, 0 errors, 1 left on base; Vista 0 - Jersey Shore 0 | BOTTOM OF THE 2ND |
---|
Jersey Shore D-Bags batting - Pitching for Vista Panthers : RHP Mabuchi Yoshida | Batting: RHB Miguel Serna | 0-0: Ball 1-0: Called Strike 1-1: Ball 2-1: Ball 3-1: Base on Balls | Batting: LHB António Cedeño | 0-0: Ball 1-0: Called Strike 1-1: Fielders Choice at 2nd, 4-6 (Groundball, 34) | Batting: RHB Ben Morton | 0-0: Called Strike 0-1: Grounds into double play, 4-6-3 (Groundball, 34) | Bottom of the 2nd over - 0 runs, 0 hits, 0 errors, 0 left on base; Vista 0 - Jersey Shore 0 | TOP OF THE 3RD |
---|
Vista Panthers batting - Pitching for Jersey Shore D-Bags : RHP Bob Moss | Batting: RHB Luis Martínez | 0-0: Ball 1-0: SINGLE (Flyball, 7LS) | Batting: LHB Francisco Marino | 0-0: Ball 1-0: DOUBLE (Line Drive, 78M) Luis Martínez to third | Batting: LHB Francisco Medina | 0-0: Ball 1-0: Ball 2-0: Ground out 4-3 (Groundball, 34D) Luis Martínez scores Francisco Marino to third | Batting: RHB Stephen Wilson | 0-0: Ball 1-0: SINGLE (Groundball, 6) (infield hit) Francisco Marino scores | Batting: LHB Dante Owens | 0-0: Foul Ball, location: 2F 0-1: Ground out 4-3 (Groundball, 4S) Stephen Wilson to second | Batting: SHB Juan Castro | 0-0: Foul Ball, location: 2F 0-1: Called Strike 0-2: Ball 1-2: Foul Ball, location: 2F 1-2: Ball 2-2: Ball 3-2: Foul Ball, location: 2F 3-2: Foul Ball, location: 2F 3-2: Ground out 6-3 (Groundball, 6) | Top of the 3rd over - 2 runs, 3 hits, 0 errors, 1 left on base; Vista 2 - Jersey Shore 0 | BOTTOM OF THE 3RD |
---|
Jersey Shore D-Bags batting - Pitching for Vista Panthers : RHP Mabuchi Yoshida | Batting: LHB Albert Morgan | 0-0: Ball 1-0: Ball 2-0: Ball 3-0: Base on Balls | Batting: LHB Ed Murray | 0-0: Grounds into double play, 4-6-3 (Groundball, 4) | Batting: RHB José Pinto | 0-0: Fly out, F3 (Popup, 34S) | Bottom of the 3rd over - 0 runs, 0 hits, 0 errors, 0 left on base; Vista 2 - Jersey Shore 0 | TOP OF THE 4TH |
---|
Vista Panthers batting - Pitching for Jersey Shore D-Bags : RHP Bob Moss | Batting: LHB Bob Cunningham | 0-0: Swinging Strike 0-1: Ball 1-1: Foul Ball, location: 2F 1-2: Ball 2-2: Ball 3-2: Ground out 6-3 (Groundball, 6) | Batting: RHB Phil Matthews | 0-0: Called Strike 0-1: SINGLE (Flyball, 9LS) | Batting: RHB Cisco Gatán | 0-0: Ball 1-0: Foul Ball, location: 2F 1-1: Fly out, F5 (Popup, 56) | Batting: RHB Luis Martínez | 0-0: Foul Ball, location: 2F 0-1: Called Strike 0-2: Foul Ball, location: 2F 0-2: Strikes out swinging | Top of the 4th over - 0 runs, 1 hit, 0 errors, 1 left on base; Vista 2 - Jersey Shore 0 | BOTTOM OF THE 4TH |
---|
Jersey Shore D-Bags batting - Pitching for Vista Panthers : RHP Mabuchi Yoshida | Batting: RHB Mike Ingram | 0-0: Called Strike 0-1: Ball 1-1: Ball 2-1: Ground out 6-3 (Groundball, 6) | Batting: RHB Ricardo González | 0-0: Ball 1-0: Swinging Strike 1-1: Foul Ball, location: 2F 1-2: Foul Ball, location: 2F 1-2: Foul Ball, location: 2F 1-2: SINGLE (Groundball, 34S) (infield hit) | Batting: LHB Dave Dodd | 0-0: SINGLE (Line Drive, 6M) Ricardo González to second Runner from 2nd tries for 3rd, OUT! | Batting: RHB Miguel Serna | 0-0: Foul Ball, location: 2F 0-1: Foul Ball, location: 2F 0-2: Foul Ball, location: 2F 0-2: Ball 1-2: SINGLE (Line Drive, 9LS) Dave Dodd to second Runner from 2nd tries for 3rd, SAFE, throw made to third | Batting: LHB António Cedeño | 0-0: Ball 1-0: Ball 2-0: Fly out, F9 (Flyball, 9LS) | Bottom of the 4th over - 0 runs, 3 hits, 0 errors, 2 left on base; Vista 2 - Jersey Shore 0 | TOP OF THE 5TH |
---|
Vista Panthers batting - Pitching for Jersey Shore D-Bags : RHP Bob Moss | Batting: LHB Francisco Marino | 0-0: Ground out 4-3 (Groundball, 34) | Batting: LHB Francisco Medina | 0-0: Ball 1-0: Ball 2-0: Ball 3-0: SOLO HOME RUN (Flyball, 9LD), Distance : 352 ft | Batting: RHB Stephen Wilson | 0-0: Foul Ball, location: 2F 0-1: Foul Ball, location: 2F 0-2: Foul Ball, location: 2F 0-2: Ground out 6-3 (Groundball, 6) | Batting: LHB Dante Owens | 0-0: Swinging Strike 0-1: Swinging Strike 0-2: Foul Ball, location: 2F 0-2: Strikes out swinging | Top of the 5th over - 1 run, 1 hit, 0 errors, 0 left on base; Vista 3 - Jersey Shore 0 | BOTTOM OF THE 5TH |
---|
Jersey Shore D-Bags batting - Pitching for Vista Panthers : RHP Mabuchi Yoshida | Batting: RHB Ben Morton | 0-0: Ball 1-0: Fly out, F4 (Line Drive, 4M) | Batting: LHB Albert Morgan | 0-0: Ball 1-0: Foul Ball, location: 2F 1-1: Called Strike 1-2: Ball 2-2: Ground out 4-3 (Groundball, 4) | Batting: LHB Ed Murray | 0-0: Fly out, F8 (Flyball, 8RD) | Bottom of the 5th over - 0 runs, 0 hits, 0 errors, 0 left on base; Vista 3 - Jersey Shore 0 | TOP OF THE 6TH |
---|
Vista Panthers batting - Pitching for Jersey Shore D-Bags : RHP Bob Moss | Batting: SHB Juan Castro | 0-0: Foul Ball, location: 2F 0-1: Ball 1-1: Foul Ball, location: 2F 1-2: Ball 2-2: SINGLE (Flyball, 78S) | Batting: LHB Bob Cunningham | 0-0: Ball 1-0: Ground out 4-3 (Groundball, 4S) Juan Castro to second | Batting: RHB Phil Matthews | 0-0: Ball Passed Ball! Juan Castro to third 1-0: Ball 2-0: Called Strike 2-1: Ball 3-1: 2-RUN HOME RUN (Flyball, 9D), Distance : 357 ft | Batting: RHB Cisco Gatán | 0-0: Ball 1-0: Called Strike 1-1: Swinging Strike 1-2: Ball 2-2: Ball 3-2: Fly out, F6 (Line Drive, 6) | Batting: RHB Luis Martínez | 0-0: Ball 1-0: Foul Ball, location: 2F 1-1: Ground out 6-3 (Groundball, 6M) | Top of the 6th over - 2 runs, 2 hits, 0 errors, 0 left on base; Vista 5 - Jersey Shore 0 | BOTTOM OF THE 6TH |
---|
Jersey Shore D-Bags batting - Pitching for Vista Panthers : RHP Mabuchi Yoshida | Batting: RHB José Pinto | 0-0: SINGLE (Groundball, 4MD) | Batting: RHB Mike Ingram | 0-0: Ball 1-0: Called Strike José Pinto steals 2nd base 1-1: Ball 2-1: Foul Ball, location: 2F 2-2: Ground out 5-3 (Groundball, 56S) José Pinto to third | Batting: RHB Ricardo González | 0-0: Called Strike 0-1: Ground out 6-3 (Groundball, 6) José Pinto scores | Batting: LHB Dave Dodd | 0-0: Swinging Strike 0-1: Ground out 4-3 (Groundball, 4) | Bottom of the 6th over - 1 run, 1 hit, 0 errors, 0 left on base; Vista 5 - Jersey Shore 1 | TOP OF THE 7TH |
---|
Vista Panthers batting - Pitching for Jersey Shore D-Bags : RHP Bob Moss | Pitching: LHP Aaron Gibbs | | Batting: LHB Francisco Marino | 0-0: Foul Ball, location: 2F 0-1: Ball 1-1: Foul Ball, location: 2F 1-2: Ball 2-2: SINGLE (Line Drive, 8LS) | Batting: LHB Francisco Medina | 0-0: Called Strike 0-1: SINGLE (Line Drive, 89S) Francisco Marino to second | Batting: RHB Stephen Wilson | 0-0: Called Strike 0-1: DOUBLE (Groundball, 5L) Francisco Marino scores Francisco Medina to third Runner from 3rd tries for Home, SAFE, no throw | Batting: LHB Dante Owens | 0-0: Ball 1-0: Swinging Strike 1-1: Called Strike 1-2: Ground out 4-3 (Groundball, 4) Stephen Wilson to third | Batting: SHB Juan Castro | 0-0: Ball 1-0: Ground out 5-3 (Groundball, 56) Stephen Wilson scores | Batting: LHB Bob Cunningham | 0-0: Foul Ball, location: 2F 0-1: Swinging Strike 0-2: Strikes out looking | Top of the 7th over - 3 runs, 3 hits, 0 errors, 0 left on base; Vista 8 - Jersey Shore 1 | BOTTOM OF THE 7TH |
---|
Jersey Shore D-Bags batting - Pitching for Vista Panthers : RHP Mabuchi Yoshida | Batting: RHB Miguel Serna | 0-0: Foul Ball, location: 2F 0-1: Ball 1-1: Fly out, F7 (Line Drive, 7S) | Batting: LHB António Cedeño | 0-0: Called Strike 0-1: Foul Ball, location: 2F 0-2: Foul Ball, location: 2F 0-2: SINGLE (Flyball, 78S) | Batting: RHB Ben Morton | 0-0: Foul Ball, location: 2F 0-1: Ball 1-1: Grounds into double play, 4-6-3 (Groundball, 4) | Bottom of the 7th over - 0 runs, 1 hit, 0 errors, 0 left on base; Vista 8 - Jersey Shore 1 | TOP OF THE 8TH |
---|
Vista Panthers batting - Pitching for Jersey Shore D-Bags : LHP Aaron Gibbs | Batting: RHB Phil Matthews | 0-0: SINGLE (Groundball, 56D) | Batting: RHB Cisco Gatán | 0-0: Called Strike 0-1: Foul Ball, location: 2F 0-2: Ball 1-2: Ball 2-2: Grounds into double play, 4-6-3 (Groundball, 34) | Batting: RHB Luis Martínez | 0-0: Ball 1-0: Foul Ball, location: 2F 1-1: Foul Ball, location: 2F 1-2: Strikes out swinging | Top of the 8th over - 0 runs, 1 hit, 0 errors, 0 left on base; Vista 8 - Jersey Shore 1 | BOTTOM OF THE 8TH |
---|
Jersey Shore D-Bags batting - Pitching for Vista Panthers : RHP Mabuchi Yoshida | Batting: LHB Albert Morgan | 0-0: Foul Ball, location: 2F 0-1: Called Strike 0-2: Ground out 4-3 (Groundball, 4S) | Batting: LHB Ed Murray | 0-0: Called Strike 0-1: Ball 1-1: Ball 2-1: Swinging Strike 2-2: SOLO HOME RUN (Flyball, 9LD), Distance : 364 ft | Batting: RHB José Pinto | 0-0: Ball 1-0: Called Strike 1-1: Ball 2-1: Ball 3-1: Base on Balls | Batting: RHB Mike Ingram | 0-0: Grounds into double play, 5-4-3 (Groundball, 56) | Bottom of the 8th over - 1 run, 1 hit, 0 errors, 0 left on base; Vista 8 - Jersey Shore 2 | TOP OF THE 9TH |
---|
Vista Panthers batting - Pitching for Jersey Shore D-Bags : LHP Aaron Gibbs | Pitching: LHP Gerald Johnson | | Batting: LHB Francisco Marino | 0-0: Ball 1-0: Called Strike 1-1: Hit by Pitch | Batting: LHB Francisco Medina | 0-0: Ball 1-0: Grounds into double play, 4-6-3 (Groundball, 4M) | Batting: RHB Stephen Wilson | 0-0: Ball 1-0: Foul Ball, location: 2F 1-1: Ball 2-1: Foul Ball, location: 2F 2-2: Strikes out swinging | Top of the 9th over - 0 runs, 0 hits, 0 errors, 0 left on base; Vista 8 - Jersey Shore 2 | BOTTOM OF THE 9TH |
---|
Jersey Shore D-Bags batting - Pitching for Vista Panthers : RHP Mabuchi Yoshida | Batting: RHB Ricardo González | 0-0: Foul Ball, location: 2F 0-1: Ground out 5-3 (Groundball, 56S) | Batting: LHB Dave Dodd | 0-0: Ball 1-0: Called Strike 1-1: Swinging Strike 1-2: SINGLE (Groundball, 6MD) | Batting: RHB Miguel Serna | 0-0: Ball 1-0: Ball 2-0: Called Strike 2-1: Swinging Strike 2-2: Strikes out swinging | Batting: LHB António Cedeño | 0-0: Ball 1-0: Called Strike 1-1: Ball 2-1: Foul Ball, location: 2F 2-2: Ground out 4-3 (Groundball, 34) | Bottom of the 9th over - 0 runs, 1 hit, 0 errors, 1 left on base; Vista 8 - Jersey Shore 2 | |